 Dungeon Crawl Stone Soup version 0.29.0-4-gdea44cf6ec (webtiles) character file.

Game seed: 327925187399987750

10865 qw the Severer (level 11, -5/97 HPs)
             Began as a Minotaur Fighter on Sept 6, 2022.
             Was a Believer of Ru.
             Slain by a death yak (13 damage)
             ... on level 1 of the Lair of Beasts.
             The game lasted 00:04:22 (12111 turns).

qw the Severer (Minotaur Fighter)                  Turns: 12111, Time: 00:04:23

Health: -5/97      AC: 18    Str: 29    XL:     11   Next: 41%
Magic:  0/10       EV: 11    Int:  3    God:    Ru [**....]
Gold:   217        SH:  5    Dex: 11    Spells: 10/10 levels left

rFire   . . .      SeeInvis .   Y - +1 war axe
rCold   . . .      Faith    .   c - +0 buckler
rNeg    + . .      Spirit   +   m - +0 plate armour
rPois   .          Reflect  .   (helmet restricted)
rElec   .          Harm     .   i - +0 cloak
rCorr   .          Rampage  .   (no gloves)
Will    .....      Clarity  +   e - +2 pair of boots
Stlth   ..........              o - amulet of Cucrusosumm {Spirit Str+5}
HPRegen 0.26/turn               h - ring of positive energy
MPRegen 0.12/turn               p - +4 ring of evasion

@: no status effects
A: horns 2, inability to train dodging, missing an eye, retaliatory headbutt,
clarity, dopey 1, wild magic 1, evolution 1
a: Renounce Religion


You were on level 1 of the Lair of Beasts.
You worshipped Ru.
Ru was pleased with you.
You visited 3 branches of the dungeon, and saw 13 of its levels.

You collected 591 gold pieces.
You spent 374 gold pieces at shops.


Innate Abilities, Weirdness & Mutations

You have a pair of horns on your head.
You cannot train Dodging skill.
You are missing an eye, making it more difficult to aim.
You reflexively headbutt those who attack you in melee.
You possess an exceptional clarity of mind.
You are dopey. (Int -2)
Your spells are a little harder to cast, but a little more powerful.
You have hidden genetic potential.


   Skills:
 + Level 9.0 Fighting
 - Level 17.0 Axes
 - Level 1.3 Throwing
 - Level 9.0 Armour
 - Level 6.0 Shields


You had 10 spell levels left.
You didn't know any spells.
Your spell library was empty.

Inventory:

Hand Weapons
 b - a +4 morningstar of freezing
 Y - a +1 war axe (weapon)
Missiles
 f - 6 boomerangs (quivered)
Armour
 c - a +0 buckler (worn)
 e - a +2 pair of boots (worn)
 i - a +0 cloak (worn)
 m - a +0 plate armour (worn)
Jewellery
 h - a ring of positive energy (left hand)
 o - the amulet of Cucrusosumm (around neck) {Spirit Str+5}
   (You took it off an orc on level 3 of the Dungeon)

   [amulet of guardian spirit]

   It causes incoming damage to be divided between your reserves of health and
   magic.
   Str:       It affects your strength (+5).
 p - a +4 ring of evasion (right hand)
Scrolls
 l - 2 scrolls of identify
Potions
 a - a potion of berserk rage {unknown}
 d - 3 potions of might
 j - a potion of invisibility {unknown}
 q - 2 potions of curing
 s - a potion of lignification {unknown}

Dungeon Overview and Level Annotations

Branches:
Dungeon (11/15)            Temple (1/1) D:7            Lair (1/5) D:11
    Orc (0/2) D:11

Altars:
Cheibriados
Dithmenos
Elyvilon
Gozag
Kikubaaqudgha
Nemelex Xobeh
Qazlal
Ru
Uskayaw
Vehumet
Wu Jian
Yredelemnul
Zin
The Shining One

Shops:
D:2 [   D:6 :   D:8 =

Annotations:
D:6 2 transporters


Message History

You hit the death yak but do no damage. Your headbutt misses the death yak.
The death yak is heavily wounded.
You hit the death yak. You slash the death yak! x2
The death yak gores you!!
The death yak gores you but does no damage. x3
You hit the death yak.
The death yak is severely wounded.
You hit the death yak. x2; You barely miss the death yak.
You closely miss the death yak.
The death yak is severely wounded.
You closely miss the death yak. You hit the death yak but do no damage.
You hit the death yak. The death yak gores you!!
The death yak is stunned by your conviction and fails to attack.
You block the death yak's attack. The death yak gores you!
You slash the death yak! You headbutt the death yak.
The death yak is almost dead.
You hit the death yak but do no damage. You barely miss the death yak.
You slash the death yak!
The death yak gores you but does no damage.
The death yak misses you. You block the death yak's attack.
You barely miss the death yak.
You headbutt the death yak, but do no damage.
The death yak is almost dead.
You barely miss the death yak. x2; You closely miss the death yak.
You barely miss the death yak.
The death yak gores you but does no damage.
The death yak gores you. The death yak completely misses you.
You block the death yak's attack. The death yak misses you.
You furiously retaliate!
You headbutt the death yak. You hit the death yak but do no damage.
Your headbutt misses the death yak.
The death yak is almost dead.
You hit the death yak. You slash the death yak! You closely miss the death yak.
You hit the death yak but do no damage. You closely miss the death yak.
Your headbutt misses the death yak.
The death yak is almost dead.
You closely miss the death yak. You hit the death yak but do no damage.
You hit the death yak. You hit the death yak but do no damage.
The death yak gores you!
You die...

#.## ##. #####..#
##P. #.##...# #P..
### #......###...
##.###............
#...#............#
#####..............##
#..##.............:##
#.Y@Y..............#
.#.YYY........#......
#.(..........########
#........#...##
.........###.##
##$.......%#.##
#........#.##
...#.....### Y.....#


You could see 5 death yaks.

Vanquished Creatures
  Gastronok (D:11)
  A hydra (Lair:1)
  Erica (D:11)
  A two-headed ogre (D:11)
  A cyclops (D:8)
  A manticore (D:11)
  Joseph (D:8)
  A cane toad (Lair:1)
  3 torpor snails (Lair:1)
  Psyche (D:11)
  2 komodo dragons (Lair:1)
  Grinder (D:3)
  3 blink frogs (Lair:1)
  A shadow (D:11)
  2 wraiths
  A wyvern (D:9)
  A basilisk (D:11)
  3 steam dragons
  3 water moccasins
  2 orc warriors (D:8)
  2 sky beasts (D:7)
  3 ice beasts
  An ogre (D:5)
  3 centaurs
  2 phantoms
  2 kobold brigands
  6 bullfrogs
  3 necrophages
  3 scorpions
  2 hounds
  5 orc priests
  A gnoll bouda (D:4)
  A jelly (D:5)
  6 orc wizards
  7 iguanas
  14 gnolls
  7 adders
  2 white imps (D:7)
  An ufetubus (D:4)
  5 worms
  A dart slug (D:2)
  38 orcs
  7 endoplasms
  A giant cockroach (D:1)
  11 goblins
  13 hobgoblins
  17 kobolds
  6 quokkas
  8 ball pythons
  2 bats
  A frilled lizard (D:1)
  3 rats
215 creatures vanquished.

Vanquished Creatures (others)
  A fungus (Lair:1)
1 creature vanquished.

Grand Total: 216 creatures vanquished

Notes
Turn   | Place    | Note
-------+----------+-------------------------------------------
     0 | D:1      | qw the Minotaur Fighter began the quest for the Orb.
     0 | D:1      | Reached XP level 1. HP: 19/19 MP: 0/0
     0 | D:1      | 0 ||| qw: Version: 0.1-a-108-g9e35731
     0 | D:1      | 0 ||| qw: Game counter: 6383
     0 | D:1      | 0 ||| qw: Always use a shield: true
     0 | D:1      | 0 ||| qw: God list: Ru
     0 | D:1      | 0 ||| qw: Allow faded altars: false
     0 | D:1      | 0 ||| qw: Do Orc after D:15 true
     0 | D:1      | 0 ||| qw: Do second Lair branch before Depths: true
     0 | D:1      | 0 ||| qw: Lair rune preference: random
     0 | D:1      | 0 ||| qw: Plans: Normal
     0 | D:1      | 0 ||| PLANNING D:1-11
    79 | D:1      | 79 ||| Stepping ~*~*~tactically~*~*~ (stealth).
    88 | D:1      | Reached skill level 3 in Axes
   223 | D:1      | Found a faded altar of an unknown god.
   244 | D:1      | 244 ||| Stepping ~*~*~tactically~*~*~ (stealth).
   245 | D:1      | 245 ||| Stepping ~*~*~tactically~*~*~ (stealth).
   247 | D:1      | 247 ||| Stepping ~*~*~tactically~*~*~ (stealth).
   248 | D:1      | 248 ||| Stepping ~*~*~tactically~*~*~ (stealth).
   250 | D:1      | 250 ||| Stepping ~*~*~tactically~*~*~ (stealth).
   267 | D:1      | Reached XP level 2. HP: 26/26 MP: 1/1
   489 | D:1      | Reached skill level 4 in Axes
   681 | D:1      | 681 ||| Stepping ~*~*~tactically~*~*~ (stealth).
   689 | D:1      | Reached XP level 3. HP: 29/31 MP: 2/2
   765 | D:1      | 765 ||| Stepping ~*~*~tactically~*~*~ (stealth).
   856 | D:1      | 856 ||| UPGRADING to +0 pair of boots.
   861 | D:1      | 861 ||| READING scroll labelled MEGIZA ONKEAH.
   862 | D:1      | 862 ||| READING scroll labelled MAELYO PEOROAX.
   863 | D:1      | 863 ||| READING scroll labelled UTHREAN SODIMUH.
  1045 | D:2      | 1045 ||| DROPPING +0 club.
  1068 | D:2      | Reached skill level 5 in Axes
  1115 | D:2      | Found Distekl Owny's Antique Armour Shop.
  1119 | D:2      | 1119 ||| Stepping ~*~*~tactically~*~*~ (stealth).
  1139 | D:2      | 1139 ||| BUYING chain mail (94 gold).
  1139 | D:2      | Bought a chain mail for 94 gold pieces
  1139 | D:2      | 1139 ||| SHOPLISTING runed plate armour (546 gold, have
                  | 36).
  1188 | D:2      | 1188 ||| Stepping ~*~*~tactically~*~*~ (stealth).
  1195 | D:2      | Reached skill level 1 in Dodging
  1389 | D:2      | 1389 ||| UPGRADING to +0 chain mail.
  1399 | D:2      | 1399 ||| DROPPING +0 scale mail.
  1400 | D:2      | 1400 ||| DROPPING +2 robe of resistance.
  1401 | D:2      | 1401 ||| READING scroll labelled KOREDU AMOKI.
  1468 | D:3      | 1468 ||| Stepping ~*~*~tactically~*~*~ (stealth).
  1469 | D:3      | 1469 ||| Stepping ~*~*~tactically~*~*~ (stealth).
  1473 | D:3      | 1473 ||| Stepping ~*~*~tactically~*~*~ (stealth).
  1476 | D:3      | Reached XP level 4. HP: 39/39 MP: 3/3
  1631 | D:3      | 1631 ||| DROPPING +0 flail.
  1652 | D:3      | Noticed a bullfrog
  1657 | D:3      | Killed a bullfrog
  1658 | D:3      | Reached skill level 6 in Axes
  1658 | D:3      | Reached XP level 5. HP: 45/45 MP: 4/4
  1721 | D:3      | 1721 ||| Stepping ~*~*~tactically~*~*~ (stealth).
  1726 | D:3      | 1726 ||| Stepping ~*~*~tactically~*~*~ (stealth).
  1727 | D:3      | 1727 ||| Stepping ~*~*~tactically~*~*~ (stealth).
  1729 | D:3      | 1729 ||| Stepping ~*~*~tactically~*~*~ (stealth).
  1746 | D:3      | Noticed Grinder
  1752 | D:3      | Paralysed by Grinder for 4 turns
  1766 | D:3      | Killed Grinder
  1767 | D:3      | Reached skill level 8 in Axes
  1767 | D:3      | Reached XP level 6. HP: 38/51 MP: 5/5
  2176 | D:3      | Identified the amulet of Cucrusosumm {Spirit Str+5}
  2279 | D:3      | 2279 ||| UPGRADING to amulet of Cucrusosumm {Spirit Str+5}.
  2284 | D:3      | 2284 ||| READING scroll labelled SAUGOG CI OXOT.
  2385 | D:3      | 2385 ||| READING scroll labelled FOEN MIRAIKA.
  2386 | D:3      | 2386 ||| READING scroll labelled HIEDDYULIF.
  2390 | D:3      | 2390 ||| DRINKING 2 ruby potions.
  2391 | D:3      | 2391 ||| READING 2 scrolls of identify.
  2391 | D:3      | 2391 ||| IDENTIFYING black potion
  2392 | D:3      | 2392 ||| DROPPING potion of flight.
  2469 | D:4      | 2469 ||| Stepping ~*~*~tactically~*~*~ (stealth).
  2473 | D:4      | 2473 ||| Stepping ~*~*~tactically~*~*~ (stealth).
  2884 | D:4      | Reached XP level 7. HP: 59/59 MP: 6/6
  2900 | D:4      | Reached skill level 9 in Axes
  2971 | D:4      | 2971 ||| Stepping ~*~*~tactically~*~*~ (hiding).
  3160 | D:4      | 3160 ||| Stepping ~*~*~tactically~*~*~ (stealth).
  3162 | D:4      | 3162 ||| Stepping ~*~*~tactically~*~*~ (stealth).
  3298 | D:4      | 3298 ||| READING scroll of enchant armour.
  3298 | D:4      | 3298 ||| ENCHANTING +0 pair of boots.
  3449 | D:4      | 3449 ||| UPGRADING to +0 plate armour.
  3459 | D:4      | 3459 ||| DROPPING +0 chain mail.
  3460 | D:4      | 3460 ||| READING scroll labelled AVIF TAHUEDID.
  3500 | D:5      | Entered Level 5 of the Dungeon
  3602 | D:5      | 3602 ||| Stepping ~*~*~tactically~*~*~ (stealth).
  3644 | D:5      | 3644 ||| FLEEEEING.
  3645 | D:5      | 3645 ||| FLEEEEING.
  3646 | D:5      | 3646 ||| FLEEEEING.
  3654 | D:5      | 3654 ||| STAIRDANCE
  3795 | D:5      | Reached skill level 10 in Axes
  3795 | D:5      | Reached XP level 8. HP: 62/70 MP: 7/7
  3850 | D:5      | 3850 ||| Stepping ~*~*~tactically~*~*~ (stealth).
  4153 | D:5      | 4153 ||| READING scroll labelled PUSYAN QYKH.
  4154 | D:5      | 4154 ||| DRINKING 2 bubbling puce potions.
  4186 | D:6      | Reached skill level 6 in Fighting
  4293 | D:6      | Found a transporter.
  4302 | D:6      | Found a transporter.
  4601 | D:6      | Found a glowing silver altar of Zin.
  4658 | D:6      | 4658 ||| Stepping ~*~*~tactically~*~*~ (stealth).
  4659 | D:6      | 4659 ||| Stepping ~*~*~tactically~*~*~ (stealth).
  4661 | D:6      | 4661 ||| Stepping ~*~*~tactically~*~*~ (stealth).
  4694 | D:6      | Found Plog's Book Emporium.
  4923 | D:6      | Reached skill level 11 in Axes
  5050 | D:6      | 5050 ||| READING scroll labelled FUFOEF HY XIN.
  5051 | D:6      | 5051 ||| DRINKING 2 puce potions.
  5052 | D:6      | 5052 ||| DRINKING 3 yellow potions.
  5153 | D:6      | 5153 ||| DROPPING potion of attraction.
  5154 | D:6      | 5154 ||| DROPPING 2 potions of ambrosia.
  5285 | D:7      | Found a staircase to the Ecumenical Temple.
  5300 | D:7      | 5300 ||| PLANNING TEMPLE
  5305 | D:7      | 5305 ||| READING 2 scrolls of teleportation.
  5382 | Temple   | Entered the Ecumenical Temple
  5399 | Temple   | Became a worshipper of Ru the Awakened
  5403 | Temple   | 5403 ||| PLANNING D:1-11
  5485 | D:7      | HP: 13/70 [steam dragon] (7)]
  5486 | D:7      | 5486 ||| READING scroll of teleportation.
  5487 | D:7      | 5487 ||| DRINKING potion of heal wounds.
  5491 | D:7      | Found an ancient bone altar of Kikubaaqudgha.
  5491 | D:7      | Found a radiant altar of Vehumet.
  5491 | D:7      | Found a hide-covered altar of Uskayaw.
  5755 | D:7      | 5755 ||| Stepping ~*~*~tactically~*~*~ (stealth).
  5771 | D:7      | 5771 ||| Stepping ~*~*~tactically~*~*~ (stealth).
  5819 | D:7      | 5819 ||| Stepping ~*~*~tactically~*~*~ (stealth).
  5905 | D:7      | Reached skill level 12 in Axes
  5905 | D:7      | Reached XP level 9. HP: 70/75 MP: 6/8
  6209 | D:7      | 6209 ||| Stepping ~*~*~tactically~*~*~ (stealth).
  6210 | D:7      | 6210 ||| Stepping ~*~*~tactically~*~*~ (stealth).
  6212 | D:7      | 6212 ||| Stepping ~*~*~tactically~*~*~ (hiding).
  6566 | D:7      | Found an ornate altar of the Wu Jian Council.
  6690 | D:7      | 6690 ||| DROPPING amulet of the acrobat.
  6724 | D:8      | Noticed Joseph
  6725 | D:8      | 6725 ||| Stepping ~*~*~tactically~*~*~ (hiding).
  6729 | D:8      | 6729 ||| Stepping ~*~*~tactically~*~*~ (hiding).
  6730 | D:8      | 6730 ||| Stepping ~*~*~tactically~*~*~ (hiding).
  6745 | D:8      | Killed Joseph
  6917 | D:8      | Found a stormy altar of Qazlal.
  7044 | D:8      | 7044 ||| Stepping ~*~*~tactically~*~*~ (stealth).
  7047 | D:8      | 7047 ||| Stepping ~*~*~tactically~*~*~ (hiding).
  7049 | D:8      | 7049 ||| Stepping ~*~*~tactically~*~*~ (hiding).
  7058 | D:8      | Reached skill level 13 in Axes
  7076 | D:8      | Reached skill level 6 in Armour
  7131 | D:8      | 7131 ||| Stepping ~*~*~tactically~*~*~ (stealth).
  7136 | D:8      | 7136 ||| FLEEEEING.
  7144 | D:8      | Reached skill level 1 in Throwing
  7144 | D:8      | 7144 ||| FLEEEEING.
  7145 | D:8      | 7145 ||| FLEEEEING.
  7146 | D:8      | 7146 ||| FLEEEEING.
  7148 | D:8      | 7148 ||| FLEEEEING.
  7149 | D:8      | 7149 ||| FLEEEEING.
  7150 | D:8      | 7150 ||| FLEEEEING.
  7151 | D:8      | 7151 ||| FLEEEEING.
  7152 | D:8      | 7152 ||| FLEEEEING.
  7153 | D:8      | 7153 ||| FLEEEEING.
  7154 | D:8      | 7154 ||| FLEEEEING.
  7155 | D:8      | 7155 ||| FLEEEEING.
  7161 | D:8      | 7161 ||| FLEEEEING.
  7167 | D:8      | 7167 ||| STAIRDANCE
  7245 | D:7      | 7245 ||| DROPPING ring of magical power.
  7257 | D:8      | Noticed a cyclops
  7263 | D:8      | Killed a cyclops
  7264 | D:8      | Reached skill level 6 in Shields
  7363 | D:8      | 7363 ||| INVOKING Sacrifice Nimbleness.
  7363 | D:8      | Gained mutation: You cannot train Dodging skill. [Ru
                  | sacrifice]
  7363 | D:8      | Reached * piety under Ru
  7387 | D:8      | 7387 ||| Stepping ~*~*~tactically~*~*~ (stealth).
  7496 | D:8      | 7496 ||| Stepping ~*~*~tactically~*~*~ (hiding).
  7736 | D:8      | 7736 ||| Stepping ~*~*~tactically~*~*~ (stealth).
  7737 | D:8      | 7737 ||| Stepping ~*~*~tactically~*~*~ (stealth).
  7756 | D:8      | Found Qarrej's Jewellery Emporium.
  7759 | D:8      | 7759 ||| SHOPLISTING +4 ring of slaying (1092 gold, have
                  | 354).
  7759 | D:8      | 7759 ||| SHOPLISTING +6 ring of dexterity (504 gold, have
                  | 354).
  7759 | D:8      | 7759 ||| BUYING ring of positive energy (280 gold).
  7759 | D:8      | Bought a ring of positive energy for 280 gold pieces
  7759 | D:8      | 7759 ||| SHOPLISTING ring of see invisible (210 gold, have
                  | 74).
  7870 | D:8      | 7870 ||| UPGRADING to ring of positive energy.
  8059 | D:9      | 8059 ||| Stepping ~*~*~tactically~*~*~ (hiding).
  8070 | D:9      | Reached XP level 10. HP: 81/88 MP: 9/9
  8265 | D:9      | Found a white marble altar of Elyvilon.
  8268 | D:9      | Found an opulent altar of Gozag.
  8515 | D:9      | 8515 ||| UPGRADING to +0 cloak.
  8520 | D:9      | 8520 ||| DROPPING amulet of regeneration.
  8521 | D:9      | 8521 ||| READING scroll labelled XEQ AFEQYARCH.
  8522 | D:9      | 8522 ||| DRINKING 2 murky green potions.
  8523 | D:9      | 8523 ||| DROPPING potion of degeneration.
  8553 | D:10     | Entered Level 10 of the Dungeon
  8554 | D:10     | 8554 ||| STAIRDANCE
  8655 | D:10     | 8655 ||| READING scroll of enchant armour.
  8655 | D:10     | 8655 ||| ENCHANTING +1 pair of boots.
  9134 | D:10     | 9134 ||| UPGRADING to +4 ring of evasion.
  9135 | D:10     | 9135 ||| READING scroll labelled GEZARU UKHOUWA.
  9136 | D:10     | 9136 ||| READING scroll labelled XUICRU DOLI.
  9311 | D:11     | Noticed Psyche
  9327 | D:11     | Killed Psyche
  9516 | D:11     | Found a staircase to the Orcish Mines.
  9523 | D:11     | Noticed Gastronok
  9540 | D:11     | Killed Gastronok
  9541 | D:11     | Reached skill level 14 in Axes
  9706 | D:11     | Reached skill level 15 in Axes
  9783 | D:11     | Noticed a manticore
  9784 | D:11     | 9784 ||| Stepping ~*~*~tactically~*~*~ (hiding).
  9796 | D:11     | Killed a manticore
  9797 | D:11     | Reached skill level 9 in Fighting
 10125 | D:11     | Found a staircase to the Lair.
 10135 | D:11     | 10135 ||| Stepping ~*~*~tactically~*~*~ (stealth).
 10137 | D:11     | 10137 ||| Stepping ~*~*~tactically~*~*~ (stealth).
 10204 | D:11     | Noticed Erica
 10214 | D:11     | Killed Erica
 10215 | D:11     | Reached skill level 9 in Armour
 10412 | D:11     | 10412 ||| INVOKING Sacrifice an Eye.
 10412 | D:11     | Gained mutation: You are missing an eye, making it more
                  | difficult to aim. [Ru sacrifice]
 10412 | D:11     | Reached ** piety under Ru
 10474 | D:11     | Noticed a two-headed ogre
 10483 | D:11     | Killed a two-headed ogre
 10484 | D:11     | Reached XP level 11. HP: 95/97 MP: 10/10
 10825 | D:11     | 10825 ||| PLANNING LAIR
 10825 | D:11     | 10825 ||| UPGRADING to +1 hat.
 10830 | D:11     | 10830 ||| READING scroll labelled MIACAB TAP AWAONT.
 10831 | D:11     | 10831 ||| DRINKING 2 inky potions.
 10831 | D:11     | Gained mutation: Potions are less effective at restoring
                  | your health. [potion of mutation]
 10831 | D:11     | Gained mutation: You are dopey. (Int -2) [potion of
                  | mutation]
 10831 | D:11     | Gained mutation: You occasionally shout uncontrollably at
                  | your foes. [potion of mutation]
 10831 | D:11     | Gained mutation: You have a pair of large horns on your
                  | head. [potion of mutation]
 10832 | D:11     | 10832 ||| DROPPING +1 hat.
 10833 | D:11     | 10833 ||| DRINKING potion of mutation.
 10833 | D:11     | Lost mutation: You occasionally shout uncontrollably at
                  | your foes. [potion of mutation]
 10833 | D:11     | Lost mutation: You have a pair of large horns on your head.
                  | [potion of mutation]
 10833 | D:11     | Lost mutation: Potions are less effective at restoring your
                  | health. [potion of mutation]
 10833 | D:11     | Gained mutation: You possess an exceptional clarity of
                  | mind. [potion of mutation]
 10833 | D:11     | Gained mutation: Your spells are a little harder to cast,
                  | but a little more powerful. [potion of mutation]
 10833 | D:11     | Gained mutation: You have hidden genetic potential. [potion
                  | of mutation]
 10834 | D:11     | 10834 ||| DRINKING 2 golden potions.
 10835 | D:11     | 10835 ||| DROPPING potion of brilliance.
 10836 | D:11     | 10836 ||| READING scroll of teleportation.
 10911 | Lair:1   | Entered Level 1 of the Lair of Beasts
 11129 | Lair:1   | Reached skill level 16 in Axes
 11286 | Lair:1   | Found a snail-covered altar of Cheibriados.
 11361 | Lair:1   | Identified the +1 leather armour "Kipp" {rElec rPois rCorr
                  | Stlth-}
 11679 | Lair:1   | Noticed a six-headed hydra
 11679 | Lair:1   | Noticed a death yak
 11679 | Lair:1   | Noticed a death yak
 11679 | Lair:1   | Noticed a death yak
 11679 | Lair:1   | Noticed a death yak
 11679 | Lair:1   | Noticed a death yak
 11680 | Lair:1   | 11680 ||| Stepping ~*~*~tactically~*~*~ (stealth).
 11681 | Lair:1   | 11681 ||| SWAPPING to +4 morningstar of freezing.
 11688 | Lair:1   | Killed a six-headed hydra
 11689 | Lair:1   | Reached skill level 17 in Axes
 11689 | Lair:1   | 11689 ||| SWAPPING to +1 war axe.
 11689 | Lair:1   | HP: 18/97 [death yak (15)]
 11690 | Lair:1   | 11690 ||| READING scroll of teleportation.
 11691 | Lair:1   | HP: 4/97 [death yak (15)]
 12107 | Lair:1   | HP: 18/97 [death yak (16)]
 12109 | Lair:1   | HP: 8/97 [death yak (2)]
 12111 | Lair:1   | Slain by a death yak

Levels and vault maps discovered:
D:1:      saegor_arrival_simple_e, layout_loops_cross,
          ebering_ecumenical_altar_sacrificial
D:2:      layout_rooms, serial_shops, shop, nicolae_wormholes
D:3:      layout_loops_cross, uniq_grinder
D:4:      layout_loops_cross
D:5:      layout_cave_pools
D:6:      gammafunk_steamed_eel, layout_gridville, zin_scriptorium,
          serial_shops, nicolae_diamond_shop
D:7:      layout_layer_cave, mainiacjoe_overflow_brackets,
          chequers_temple_overflow_statue_of_worship, minmay_temple_entry_glass
D:8:      layout_loops_ring, mainiacjoe_overflow_paths, special_room
          [special_room_orc], serial_shops, nicolae_shop_behind_doors,
          uniq_joseph
D:9:      layout_long_grid, nicolae_overflow_squiral
D:10:     layout_roguey, serial_bayou, serial_bayou_lagoon_a,
          serial_bayou_ford_a, serial_bayou_pond_d, serial_bayou_pond_d
D:11:     layout_stronghold, lair_entry_dummy, orc_0_dummy, uniq_psyche,
          uniq_erica, uniq_gastronok
Temple:   jpeg_temple_clearing
Lair:1:   layout_cave_shapes, kennysheep_snail_temple

Skill      XL: |  1  2  3  4  5  6  7  8  9 10 11 |
---------------+----------------------------------+-----
Axes           | 3 4 5 6 8 10 12 13 15 17 | 17.0
Dodging        | 1 2 0 |  0.0
Fighting       | 4 5 6 8 9 |  9.0
Armour         | 4 5 6 9 |  9.0
Shields        | 4 6 |  6.0
Throwing       | 1 |  1.3

Action                   |  1- 3 |  4- 6 |  7- 9 | 10-12 || total
-------------------------+-------+-------+-------+-------++-------
Melee: War axe           |    79 |   102 |   293 |   167 ||   641
       Headbutt          |     8 |    12 |    59 |    35 ||   114
       Morningstar       |       |       |       |     7 ||     7
Throw: Boomerang         |       |       |    11 |    67 ||    78
Invok: Sacrifice Nimblen |       |       |     1 |       ||     1
       Sacrifice an Eye  |       |       |       |     1 ||     1
  Use: Scroll            |     4 |     4 |     6 |     7 ||    21
       Potion            |       |     1 |     4 |     4 ||     9
Armor: Scale mail        |    26 |       |       |       ||    26
       Chain mail        |     1 |    56 |    13 |       ||    70
       Plate armour      |       |       |   102 |    79 ||   181
Dodge: Dodged            |    25 |    33 |    69 |    54 ||   181
Block: Buckler           |     8 |    13 |    48 |    25 ||    94

Table legend:
 A = Non-vault XP
 B = Vault XP
 C = Vault XP percentage of total XP
 D = Non-vault monster count
 E = Vault monster count
 F = Vault count percentage of total count
                 A         B        C        D         E       F
            +---------+---------+-------+---------+---------+-------
      Total |   10466 |    5056 |  32.6 |     188 |      27 |  12.6
            +---------+---------+-------+---------+---------+-------
        D:1 |      43 |       0 |   0.0 |      25 |       0 |   0.0
        D:2 |      39 |      10 |  20.4 |      13 |       2 |  13.3
        D:3 |     207 |     277 |  57.2 |      29 |       1 |   3.3
        D:4 |     282 |       5 |   1.7 |      22 |       1 |   4.3
        D:5 |     745 |       0 |   0.0 |      19 |       0 |   0.0
        D:6 |     542 |       0 |   0.0 |      11 |       0 |   0.0
        D:7 |     967 |       0 |   0.0 |      19 |       0 |   0.0
        D:8 |    1224 |     798 |  39.5 |      14 |      17 |  54.8
        D:9 |     830 |       0 |   0.0 |       9 |       0 |   0.0
       D:10 |     323 |       0 |   0.0 |       4 |       0 |   0.0
       D:11 |    2185 |    2722 |  55.5 |      13 |       3 |  18.8
     Lair:1 |    3079 |    1244 |  28.8 |      10 |       3 |  23.1
            +---------+---------+-------+---------+---------+-------
